AoeStats
← |GaoeG| flamingo

Enclosed

504285549Analyzed
1v1 RM · 27d ago on Sep 4, 2026· 46m 54s· 2 players
Game mode
Random Map
Map size
Tiny (2 player)
Population
200
Speed
Normal
Resources
Standard
Victory
Conquest
Starting age
Dark Age
Ending age
Imperial Age
RankedLock teamsTeams togetherTeam positionsShared explorationLock speedFull tech treeHidden civsTurbo modeCheats
Victory
Defeat
🇪🇸 Koreans · Spain
1375
+18
🇵🇪 Lithuanians · Peru
1409
-18
|GaoeG| flamingo
8:51 Loom
10:50 Feudal Age
15:20 Castle Age
14:23 Double-Bit Axe
14:25 Horse Collar
21:37 Gold Mining
21:39 Fletching
23:28 Bodkin Arrow
24:02 Bow Saw
30:10 Wheelbarrow
34:30 Gold Shaft Mining
39:49 Imperial Age
40:48 Bracer
43:23 Ballistics
45:28 Chemistry
44:33 Husbandry
RJoat
7:09 Loom
9:36 Feudal Age
10:15 Man-at-Arms
17:00 Castle Age
18:46 Double-Bit Axe
26:48 Horse Collar
27:22 Bow Saw
32:20 Scale Barding Armor
33:51 Chain Barding Armor
41:15 Forging
44:50 Bloodlines
45:47 Iron Casting
Connection lost

Rejoining the realm…

Still unreachable

The connection could not be restored.

Session expired

The server has moved on; the page needs a fresh start.